AoeStats
← Ganoso

Arabia

510139960Analyzed
1v1 RM · 22h ago on Sep 29, 2026· 52m 10s· 2 players
Game mode
Random Map
Map size
Tiny (2 player)
Population
200
Speed
Normal
Resources
Standard
Victory
Conquest
Starting age
Dark Age
Ending age
Imperial Age
RankedLock teamsTeams togetherTeam positionsShared explorationLock speedFull tech treeHidden civsTurbo modeCheats
Victory
Defeat
🇷🇺 Ethiopians · Russia
1064
+15
🇨🇭 Vietnamese · Switzerland
1040
-15
Ganoso
6:13 Loom
10:08 Feudal Age
10:42 Double-Bit Axe
16:17 Fletching
18:34 Padded Archer Armor
26:03 Castle Age
25:30 Gold Mining
25:24 Horse Collar
25:51 Scale Barding Armor
26:06 Elite Skirmisher
28:13 Bodkin Arrow
29:13 Wheelbarrow
42:43 Chain Barding Armor
43:45 Murder Holes
43:31 Treadmill Crane
49:08 Imperial Age
48:46 Bow Saw
49:28 Crossbowman
49:33 Imperial Skirmisher
50:09 Imperial Skirmisher
Rak
6:20 Loom
11:09 Feudal Age
11:40 Double-Bit Axe
13:58 Fletching
14:59 Padded Archer Armor
15:09 Horse Collar
20:15 Wheelbarrow
26:09 Castle Age
25:49 Stone Mining
25:56 Gold Mining
26:16 Crossbowman
27:02 Thumb Ring
26:55 Bodkin Arrow
27:48 Leather Archer Armor
28:52 Ballistics
30:00 Bow Saw
30:42 Hand Cart
31:02 Town Watch
34:37 Royal Heirs
35:06 Squires
35:07 Scale Mail Armor
36:10 Arson
39:34 Forging
48:24 Imperial Age
48:28 Arbalester
50:17 Chemistry
49:20 Bracer
49:44 Conscription
50:42 Siege Engineers
51:45 Ring Archer Armor
51:30 Chain Mail Armor
Connection lost

Rejoining the realm…

Still unreachable

The connection could not be restored.

Session expired

The server has moved on; the page needs a fresh start.